 Dungeon Crawl Stone Soup version 0.31-a0-559-g03b8d61ab2 (webtiles) character file.

Game seed: 13797554737309201397

44 Ethylacetat the Insei (level 3, -12/25 HPs)
             Began as an Octopode Gladiator on Aug 17, 2023.
             Mangled by Sigmund
             ... wielding a +0 scythe
              (13 damage)
             ... on level 2 of the Dungeon.
             The game lasted 00:01:16 (1186 turns).

Ethylacetat the Insei (Octopode Gladiator)          Turns: 1186, Time: 00:01:16

Health: -12/25     AC:  1    Str: 13    XL:     3   Next: 62%
Magic:  3/3        EV: 14    Int: 10    God:
Gold:   106        SH:  0    Dex: 15    Spells: 2/2 levels left

rFire   . . .        e - +2 short sword (drain)
rCold   . . .        (no shield)
rNeg    . . .        a - +0 hat
rPois   .            (no amulet)
rElec   .            (no ring)
rCorr   .            (no ring)
SInv    .            (no ring)
Will    .....        (no ring)
Stlth   ++           (no ring)
HPRegen 0.24/turn    (no ring)
MPRegen 0.08/turn    (no ring)
                     (no ring)

%: no passive effects
@: hasted, very quick
A: almost no armour, amphibious, 8 rings, camouflage 1, gelatinous body 1,
(nimble swimmer 1), tentacles
a: no special abilities


You were on level 2 of the Dungeon.
You visited 1 branch of the dungeon, and saw 2 of its levels.

You collected 106 gold pieces.

Inventory:

Hand Weapons
 e - a +2 short sword of draining (weapon)
Missiles
 b - 3 throwing nets (quivered)
 c - a javelin
Armour
 a - a +0 hat (worn)
Jewellery
 l - a ring of wizardry
 m - a ring of wizardry
Scrolls
 f - 3 scrolls of enchant armour {unknown}
 g - a scroll of fear {unknown}
 j - a scroll of teleportation {unknown}
Potions
 d - a potion of heal wounds {unknown}
 h - 2 potions of haste
 i - a potion of mutation {unknown}
 k - 2 potions of curing {unknown}


   Skills:
 + Level 2.5 Fighting
 - Level 2.0 Throwing
 + Level 3.4 Dodging
 + Level 3.4 Unarmed Combat
 * Level 1.0 Shapeshifting


You had 2 spell levels left.
You didn't know any spells.
Your spell library was empty.

Dungeon Overview and Level Annotations

Branches:
Dungeon (2/15)

Altars:

Annotations:
D:2 Sigmund


Innate Abilities, Weirdness & Mutations

You cannot wear most types of armour.
You are amphibious.
You can wear up to eight rings at the same time.
Your skin changes colour to match your surroundings (Stealth+).
Your rubbery body absorbs attacks. (AC +1, EV +1)
((You are camouflaged when in or above water. (Stealth+)))
You have tentacles for arms and can constrict up to eight enemies at once.


Message History

No target in view!
There is a stone staircase leading down here.
You now have 106 gold pieces (gained 7).
m - a ring of wizardry No target in view!
A goblin and Sigmund come into view.
Sigmund shouts!
Found a dagger.
Sigmund gestures at you while chanting. The puff of flame hits you.
There are monsters nearby!
You completely miss Sigmund. Your grab misses Sigmund.
You tentacle-slap Sigmund, but do no damage.
Your squeeze misses Sigmund. Sigmund barely misses you.
You closely miss Sigmund. Your grab misses Sigmund.
There are monsters nearby!
You hit Sigmund. Your grab misses Sigmund.
Sigmund is lightly wounded.
Sigmund hits you with a +0 scythe. The goblin hits you but does no damage.
You barely miss Sigmund. Your grab misses Sigmund.
Sigmund is lightly wounded.
The goblin barely misses you.
Sigmund points at you and mumbles some strange words.
The magic dart hits you!
* * * LOW HITPOINT WARNING * * *
You are too injured to fight recklessly!
You are too injured to fight recklessly!
You closely miss Sigmund. You grab Sigmund.
Sigmund is lightly wounded.
You constrict Sigmund. The goblin hits you with a +0 club.
* * * LOW HITPOINT WARNING * * *
Sigmund closely misses you.
You hit Sigmund.
Sigmund is moderately wounded.
You constrict Sigmund, but do no damage.
The goblin misses you.
It was a potion of haste.
You feel yourself speed up.
You constrict Sigmund. Sigmund hits you with a +0 scythe!
Ouch! That really hurt!
You die...

##.##.#...##.###
#..
#..##.#.#.##.#
#.. #.....#....#
#.⌠. ##.#######.#
.≈. ##........# #
..# ##....####
#..##.# ##.#...#
#.^...g###..#...#
#.....@@#...#####
.).#####.#### #.#
#.# #.# #.# #.#
#.# #.#


You could see Sigmund and a goblin.

Vanquished Creatures
  3 worms (D:2)
  3 endoplasms (D:1)
  7 giant cockroaches (D:1)
  4 goblins
  2 jackals (D:1)
  3 kobolds
  A quokka (D:1)
  5 ball pythons (D:1)
  A bat (D:1)
  3 rats (D:1)
32 creatures vanquished.

Notes
Turn   | Place    | Note
-------+----------+-------------------------------------------
     0 | D:1      | Ethylacetat the Octopode Gladiator began the quest for the
                  | Orb.
     0 | D:1      | Reached XP level 1. HP: 14/14 MP: 1/1
     1 | D:1      | Found a runed translucent door.
   232 | D:1      | Reached XP level 2. HP: 19/19 MP: 2/2
   439 | D:1      | Found a faded altar of an unknown god.
   998 | D:1      | Reached XP level 3. HP: 15/25 MP: 3/3
  1107 | D:2      | Reached skill level 1 in Shapeshifting
  1178 | D:2      | Noticed Sigmund
  1184 | D:2      | HP: 1/25 [goblin/+0 club (4)]
  1186 | D:2      | Mangled by Sigmund

Illustrated notes

Levels and vault maps discovered:
D:1:      dpeg_arrival_caged_fury, layout_basic,
          chequers_ecumenical_altar_simple_redux, nicolae_the_louvre
D:2:      minmay_angry_zag, layout_loops_ring, basic_altar,
          hangedman_feature_mirror, uniq_sigmund

Skill      XL: |  1  2  3 |
---------------+----------+-----
Shapeshifting  | 1 |  1.0
Fighting       | |  2.5
Throwing       | |  2.0
Dodging        | |  3.4
Unarmed Combat | |  3.4

Action                     || total
---------------------------++-------
  Melee: Short sword       ||    51
         Constrict         ||    13
         Unarmed           ||     3
         Tentacles         ||     9
         Punch             ||     2
    Use: Potion            ||     1
   Stab: Sleeping          ||     4
 Armour: Skin              ||     5
  Dodge: Dodged            ||    24

Table legend: (Time is in decaauts)
 A = Elapsed time spent in this place.
 B = Non-inter-level travel time spent in this place.
 C = Inter-level travel time spent in this place.
 D = Time resting spent in this place.
 E = Time spent auto-exploring this place.
 F = Levels seen in this place.
 G = Mean time per level.
                   A        B        C        D        E       F      G
               +--------+--------+--------+--------+--------+-----+--------+
         Total |   1185 |   1143 |     42 |      0 |    962 |   2 |  592.5 |
       Dungeon |   1185 |   1143 |     42 |      0 |    962 |   2 |  592.5 |
               +--------+--------+--------+--------+--------+-----+--------+

Top non-repeatable levels by time:
     D:1: 1041 daAuts
     D:2: 143 daAuts
